 Dungeon Crawl Stone Soup version 0.22.1-2-g9c5b331 (webtiles) character file.

57 Labyrinth the Firebug (level 3, -6/27 HPs)
             Began as a Draconian Fire Elementalist on Nov 21, 2018.
             Killed by divine providence
             ... invoked by an orc priest
              (8 damage)
             ... on level 3 of the Dungeon.
             The game lasted 00:08:31 (1645 turns).

Labyrinth the Firebug (Draconian Fire Elementalist) Turns: 1645, Time: 00:08:34

Health: -6/27      AC:  5    Str:  9 (11) XL:     3   Next: 73%
Magic:  0/6        EV: 11    Int: 12 (15) God:
Gold:   31         SH:  2    Dex:  8 (11) Spells: 1/7 levels left

rFire    + . .     SeeInvis .   o - +0 spear
rCold    . . .     Gourm    .   j - +0 buckler
rNeg     . . .     Faith    .   (armour unavailable)
rPois    .         Spirit   .   (helmet restricted)
rElec    .         Reflect  .   (no cloak)
rCorr    .         Harm     .   (no gloves)
MR       .....                  (no boots)
Stlth    ++........             (no amulet)
HPRegen  0.09/turn              k - ring of protection from fire
MPRegen  0.10/turn              (no ring)

@: about to teleport, very slightly contaminated, slowed, very slow
A: unfitting armour, cold-blooded, AC +5
a: no special abilities


You were on level 3 of the Dungeon.
You were not hungry.

You visited 1 branch of the dungeon, and saw 3 of its levels.

You collected 31 gold pieces.

Inventory:

Hand Weapons
 a - a +0 whip
 c - a +0 hand axe
 o - a +0 spear (weapon)
 q - a +0 hunting sling
Missiles
 e - a javelin (quivered)
 g - 122 stones
 n - 25 sling bullets
 r - 68 arrows
Armour
 j - a +0 buckler (worn)
Jewellery
 k - a ring of protection from fire (left hand)
Scrolls
 f - a scroll of magic mapping {unknown}
 h - a scroll of amnesia
 i - a scroll of enchant armour {unknown}
 p - a scroll of remove curse
 s - a scroll of blinking {unknown}
Potions
 m - a potion of lignification {unknown}
 t - a potion of haste {unknown}
Comestibles
 b - 7 rations
 l - a chunk of flesh


   Skills:
 + Level 0.4 Fighting
 + Level 0.8 Polearms
 + Level 2.0 Dodging
 + Level 2.0 Stealth
 + Level 2.6 Spellcasting
 + Level 1.1 Conjurations
 + Level 3.6 Fire Magic


You had one spell level left.
You knew the following spells:

 Your Spells              Type           Power        Failure   Level  Hunger
a - Flame Tongue          Conj/Fire      #....        16%         1    #......
b - Throw Flame           Conj/Fire      #.....       24%         2    ###....
c - Conjure Flame         Conj/Fire      #.......     43%         3    ###....

Your spell library contained the following spells:

 Spells                   Type           Power        Failure   Level  Hunger
 Inner Flame              Hex/Fire       #.......     52%         3    ###....
 Sticky Flame             Conj/Fire      #.......     83%         4    #####..
 Fireball                 Conj/Fire      #.........   99%         5    ######.


Dungeon Overview and Level Annotations

Branches:
Dungeon (3/15)

Altars:


Innate Abilities, Weirdness & Mutations

Your plain brown scales are hard. (AC +5)
You cannot fit into any form of body armour.
You are cold-blooded and may be slowed by cold attacks.


Message History

Aim: an orc, wielding a dagger of freezing (severely wounded)
You throw a javelin. The javelin barely misses the orc. x2
The javelin hits the orc priest!
The orc priest is heavily wounded.
The orc hits you with a dagger of freezing.
You feel yourself slow down. The orc freezes you.
The orc hits you but does no damage.
The orc priest invokes the aid of Beogh against you.
Beogh smites you!
* * * LOW HITPOINT WARNING * * *
Okay, then.
Okay, then.
As you read the scroll of teleportation, it crumbles to dust.
You feel strangely unstable. The orc barely misses you.
The orc priest looks encouraged for a moment.
The orc priest calls upon Beogh to heal the orc priest.
The orc priest is healed somewhat.
The orc priest calls down the wrath of Beogh upon you.
Beogh smites you!
You die...

#(...#
#(...# #
#....##..
#o.......
#.o..##
#oo...#
#o#...#
#o# #.#
#@# # #.#
#.# #.#
#.# #.#
#.. ###


You could see 3 orc priests and 3 orcs.

Vanquished Creatures
  An adder (D:2)
  A worm (D:2)
  A dart slug (D:2)
  An orc (D:3)
  3 giant cockroaches (D:2)
  12 goblins
  6 hobgoblins
  4 bats
  3 frilled lizards
  2 kobolds (D:2)
  5 rats
39 creatures vanquished.

Notes
Turn   | Place    | Note
-------+----------+-------------------------------------------
     0 | D:1      | Labyrinth the Draconian Fire Elementalist began the quest
                  | for the Orb.
     0 | D:1      | Reached XP level 1. HP: 14/14 MP: 3/3
   808 | D:2      | Reached XP level 2. HP: 20/20 MP: 1/5
   848 | D:2      | Learned a level 2 spell: Throw Flame
   987 | D:2      | Reached XP level 3. HP: 25/26 MP: 0/6
  1106 | D:2      | Learned a level 3 spell: Conjure Flame
  1645 | D:3      | Killed from afar by an orc priest

Skill      XL: |  1  2  3 |
---------------+----------+-----
Stealth        | 2 |  2.0
Dodging        | 2 |  2.0
Fighting       | |  0.4
Polearms       | |  0.8
Spellcasting   | |  2.6
Conjurations   | |  1.1
Fire Magic     | |  3.6

Action                   || total
-------------------------++-------
Melee: Hand axe          ||    13
       Spear             ||    48
       Tailslap          ||     2
Throw: Javelin           ||     8
 Cast: Flame Tongue      ||    32
       Throw Flame       ||    10
       Conjure Flame     ||     1
  Use: Potion            ||     4
       Scroll            ||     4
 Stab: Invisible         ||     2
  Eat: Chunk             ||     4
Armor: Skin              ||    15
Dodge: Dodged            ||    43
Block: Buckler           ||     2
